 Dungeon Crawl Stone Soup version 0.20.1-1-g8b1a95d (webtiles) character file.

320 polve the Slasher (level 6, -8/44 HPs)
             Began as a Demonspawn Gladiator on July 9, 2017.
             Mangled by an orc warrior
             ... wielding a cursed -3 mace
              (13 damage)
             ... on level 4 of the Dungeon.
             The game lasted 00:02:52 (4066 turns).

polve the Slasher (Demonspawn Gladiator)            Turns: 4066, Time: 00:02:53

Health: -8/44      AC:  9    Str: 14    XL:     6   Next: 22%
Magic:  6/6        EV: 10    Int: 14    God:
Gold:   246        SH:  4    Dex: 16    Spells: 5/5 levels left

rFire    . . .     SeeInvis .   a - +0 long sword
rCold    + . .     Gourm    +   (no shield)
rNeg     . . .     Faith    .   n - +2 scale mail {rC+}
rPois    .         Spirit   .   c - +0 helmet
rElec    .         Reflect  .   (no cloak)
rCorr    .         Harm     .   (no gloves)
MR       .....                  (no boots)
Stlth    ..........             i - amulet of the gourmand
Regen    0.2/turn               e - +4 ring of intelligence
MPRegen  0.1/turn               (no ring)

@: no status effects
A: large bone plates 1, foul stench 1, spiny 1, rot immunity
a: no special abilities


You were on level 4 of the Dungeon.
You were completely stuffed.

You visited 1 branch of the dungeon, and saw 4 of its levels.

You collected 246 gold pieces.

Inventory:

Hand Weapons
 a - a +0 long sword (weapon)
Missiles
 d - 3 throwing nets (quivered)
Armour
 c - a +0 helmet (worn)
 n - a +2 scale mail of cold resistance (worn)
 x - a +0 pair of gloves
Jewellery
 b - a +4 ring of strength {unknown}
 e - a +4 ring of intelligence (left hand)
 i - an amulet of the gourmand (around neck)
 p - an uncursed amulet of regeneration {unknown}
 C - a +3 ring of intelligence
Wands
 s - a wand of flame (23/48)
Scrolls
 g - 6 scrolls of identify {unknown}
 k - 2 scrolls of fear {unknown}
 m - 2 scrolls of enchant armour {unknown}
 o - 2 scrolls of enchant weapon {unknown}
 u - a scroll of teleportation {unknown}
 w - a scroll of amnesia {unknown}
 y - a scroll of fog {unknown}
 A - a scroll of blinking {unknown}
Potions
 h - a potion of curing {unknown}
 q - a potion of lignification {unknown}
 r - a potion of haste {unknown}
 t - 2 potions of brilliance {unknown}
 v - a potion of heal wounds {unknown}
 B - a potion of mutation {unknown}
 D - a potion of resistance {unknown}
Comestibles
 f - 3 bread rations
 j - 2 meat rations
 l - 2 royal jellies


   Skills:
 - Level 2.0 Fighting
 + Level 5.9 Long Blades
 - Level 1.7 Throwing
 - Level 2.1 Armour
 - Level 2.6 Dodging


You had 5 spell levels left.
You didn't know any spells.

Dungeon Overview and Level Annotations

Branches:
Dungeon (4/15)
 Temple: D:4-7

Altars:
Dithmenos
Elyvilon
Makhleb
Uskayaw
The Shining One


Innate Abilities, Weirdness & Mutations

You are partially covered in large bone plates. (SH +4)
You may emit foul miasma when damaged in melee.
You are partially covered in sharp spines.
You are immune to rotting.


Message History

* * * LOW HITPOINT WARNING * * *
You closely miss the orc warrior.
The orc warrior is almost dead.
The orc warrior hits you but does no damage.
You hit the orc warrior but do no damage.
The orc warrior is almost dead.
The orc warrior closely misses you.
You hit the orc warrior but do no damage.
The orc warrior is almost dead.
The orc warrior closely misses you.
You riposte.
You barely miss the orc warrior.
The orc warrior is almost dead.
You closely miss the orc warrior.
The orc warrior is almost dead.
The orc warrior is struck by your spines.
The orc warrior hits you but does no damage.
You closely miss the orc warrior.
The orc warrior is almost dead.
The orc warrior hits you with a mace!
You die...

.# #.# #.# #.# ###
#.# # # #.# #.#(#.#
#.###.#...#
#######..@oo..#.#.#
#.......###.).....#
#.###########.#.###
#.# #....<# .. #.#
#.##### ## #.###.#
#.....# #######


You could see an orc warrior and an orc.

Vanquished Creatures
  An ogre (D:3)
  A hound (D:3)
  An orc wizard (D:4)
  A worker ant (D:4)
  Robin (D:2)
  4 adders
  2 worms
  3 dart slugs
  6 leopard geckos
  A ball python (D:2)
  10 giant cockroaches
  15 goblins
  11 hobgoblins
  A quokka (D:2)
  8 bats
  7 frilled lizards
  8 kobolds
  9 rats
90 creatures vanquished.

Notes
Turn   | Place    | Note
-------+----------+-------------------------------------------
     0 | D:1      | polve the Demonspawn Gladiator began the quest for the Orb.
     0 | D:1      | Reached XP level 1. HP: 16/16 MP: 1/1
    99 | D:1      | Reached skill level 3 in Long Blades
   104 | D:1      | Gained mutation: You are immune to rotting. [demonic ancestry]
   104 | D:1      | Reached XP level 2. HP: 8/22 MP: 2/2
   698 | D:1      | Gained mutation: You are partially covered in large bone plates. (SH +4) [demonic ancestry]
   698 | D:1      | Reached XP level 3. HP: 24/27 MP: 3/3
   877 | D:1      | Reached skill level 4 in Long Blades
  1726 | D:2      | Reached XP level 4. HP: 33/33 MP: 4/4
  1859 | D:2      | Noticed Robin
  1867 | D:2      | Killed Robin
  2170 | D:2      | Found a shadowy altar of Dithmenos.
  2952 | D:3      | Found a white marble altar of Elyvilon.
  2959 | D:3      | Reached skill level 5 in Long Blades
  2989 | D:3      | Reached skill level 1 in Armour
  3013 | D:3      | Gained mutation: You are partially covered in sharp spines. [demonic ancestry]
  3013 | D:3      | Reached XP level 5. HP: 28/38 MP: 5/5
  3213 | D:3      | Found a hide-covered altar of Uskayaw.
  3214 | D:3      | Found a burning altar of Makhleb.
  3214 | D:3      | Found a glowing golden altar of the Shining One.
  3369 | D:3      | Noticed an ogre
  3378 | D:3      | Killed an ogre
  3705 | D:3      | Gained mutation: You may emit foul miasma when damaged in melee. [demonic ancestry]
  3705 | D:3      | Reached XP level 6. HP: 42/44 MP: 6/6
  4032 | D:4      | Noticed an orc warrior
  4066 | D:4      | Mangled by an orc warrior

Skill      XL: |  1  2  3  4  5 |
---------------+----------------+-----
Long Blades    | 3 4 5 |  5.9
Armour         | 1 2 |  2.1
Fighting       | |  2.0
Throwing       | |  1.7
Dodging        | |  2.6

Action                   |  1- 3 |  4- 6 || total
-------------------------+-------+-------++-------
Melee: Long sword        |    97 |   155 ||   252
 Stab: Sleeping          |     1 |       ||     1
  Eat: Chunk             |    14 |     8 ||    22
Armor: Leather armour    |    40 |       ||    40
       Scale mail        |     4 |    51 ||    55
Dodge: Dodged            |    79 |    69 ||   148
Block: Other             |     6 |    33 ||    39
       Rpst.: Long sword |    30 |    27 ||    57
